 Dungeon Crawl Stone Soup version 0.27.1-35-g4d5d836560 (webtiles) character file.

Game seed: 12269834189345724411

6307 croobank the Sneak (level 10, -1/67 HPs)
             Began as a Demonspawn Fire Elementalist on June 20, 2022.
             Was an Initiate of Gozag.
             Slain by a yak (8 damage)
             ... on level 1 of the Lair of Beasts.
             The game lasted 01:01:48 (12235 turns).

croobank the Sneak (Demonspawn Fire Elementalist)  Turns: 12235, Time: 01:01:51

Health: -1/67      AC:  8    Str:  9    XL:     10   Next: 63%
Magic:  24/28      EV: 17    Int: 20    God:    Gozag
Gold:   98         SH:  4    Dex: 13    Spells: 8/21 levels left

rFire    + + .     SeeInvis .   i - +2 short sword (vamp)
rCold    + . .     Faith    .   (no shield)
rNeg     . . .     Spirit   .   J - +1 robe {rC+ rF+}
rPois    .         Reflect  .   v - +0 helmet
rElec    .         Harm     .   (no cloak)
rCorr    .         Rampage  .   n - +2 pair of gloves
Will     .....                  s - +0 pair of boots
Stlth    ++++......             (no amulet)
HPRegen  0.21/turn              q - ring of magical power
MPRegen  0.21/turn              m - ring of protection from fire

@: gold aura, studying Stealth
A: talons 2, repulsion field 2, foul stench 1, condensation shield
a: Renounce Religion, Potion Petition, Call Merchant, Bribe Branch


You were on level 1 of the Lair of Beasts.
You worshipped Gozag.
Gozag was noncommittal.
You visited 2 branches of the dungeon, and saw 10 of its levels.

You collected 1138 gold pieces.
You spent 90 gold pieces at shops.
You paid 950 gold pieces to Gozag.

Inventory:

Hand Weapons
 a - a +1 halberd of flaming
 b - a +3 dagger
 c - a +2 spear of flaming
 i - a +2 vampiric short sword (weapon)
 r - a +0 falchion
 t - a +0 scythe
 w - a +3 trident of protection
 z - a +2 dagger of speed
 G - a +0 war axe
 H - a +0 hunting sling
 I - a +2 whip of freezing
Missiles
 e - 149 stones
 u - 8 poisoned darts
 x - 3 datura-tipped darts (quivered)
 y - 64 sling bullets
Armour
 d - a +0 scale mail
 f - a +0 ring mail
 n - a +2 pair of gloves (worn)
 s - a +0 pair of boots (worn)
 v - a +0 helmet (worn)
 C - a +4 ring mail
 F - the +0 chain mail "Bodgheho" {*Slow rElec MP+9}
   (You found it on level 7 of the Dungeon)

   rElec:     It insulates you from electricity.
   MP:        It affects your magic capacity (+9).
   *Slow:     It may slow you when you take damage.
 J - a +1 robe of resistance (worn)
Jewellery
 m - a ring of protection from fire (right hand)
 q - a ring of magical power (left hand)
 A - a ring of willpower
Wands
 L - a wand of iceblast (11)
Scrolls
 k - a scroll of brand weapon
 o - a scroll of fog
 p - a scroll of magic mapping
 B - 3 scrolls of identify
 K - a scroll of amnesia
Potions
 g - 2 potions of attraction
 h - a potion of magic
 j - a potion of flight
 D - 2 potions of cancellation
 E - a potion of lignification
Miscellaneous
 M - a lightning rod (4/4)


   Skills:
 - Level 2.1 Fighting
 + Level 5.5 Polearms
 + Level 5.7 Dodging
 + Level 7.5 Stealth
 - Level 0.5 Shields
 + Level 6.0 Spellcasting
 + Level 5.9 Conjurations
 + Level 5.4 Hexes
 + Level 6.4 Fire Magic


You had 8 spell levels left.
You knew the following spells:

 Your Spells              Type           Power      Damage    Failure   Level
a - Foxfire               Conj/Fire      100%       2x1d9     1%          1
b - Dazzling Flash        Conj/Hex       56%        N/A       3%          3
c - Sticky Flame          Conj/Fire      30%        2d5       9%          4
d - Fireball              Conj/Fire      15%        3d8       22%         5

Your spell library contained the following spells:

 Spells                   Type           Power      Damage    Failure   Level
 Conjure Flame            Conj/Fire      30%        6-21      2%          3
 Inner Flame              Hex/Fire       29%        N/A       2%          3
 Shock                    Conj/Air       68%        1d7       3%          1
 Sublimation of Blood     Necr           3%         N/A       16%         2
 Swiftness                Air            6%         N/A       30%         3
 Irradiate                Conj/Tmut      8%         3d16      65%         5
 Silence                  Hex/Air        8%         N/A       67%         5
 Summon Mana Viper        Hex/Summ       16%        N/A       67%         5
 Airstrike                Air            3%         N/A       71%         4
 Petrify                  Tmut/Erth      6%         N/A       71%         4
 Summon Ice Beast         Ice/Summ       6%         N/A       71%         4
 Agony                    Necr           6%         N/A       96%         5
 Monstrous Menagerie      Summ           3%         N/A       100%        7


Dungeon Overview and Level Annotations

Branches:
Dungeon (9/15)             Temple (0/1) D:7            Lair (1/6) D:8
    Orc: D:9-12

Altars:
Ashenzari
Cheibriados
Dithmenos
Gozag
Okawaru
Vehumet
Xom
The Shining One

Shops:
D:4 *

Annotations:
D:3 3 runed translucent doors, vvl's ghost, amateur DrIE


Innate Abilities, Weirdness & Mutations

You have razor-sharp toenails.
You are surrounded by a moderate repulsion field. (EV +3)
You may rarely emit foul miasma when damaged in melee.
A meltable shield of frost defends you. (SH +4)


Message History

You hear an angry hiss.
Casting: Foxfire (safe; 1% risk of failure)
Confirm with . or Enter, or press ? or * to list all spells.
You conjure some foxfire!
You block the yak's attack.
You barely miss the yak.
The yak is severely wounded.
The foxfire hits the yak but does no damage.
The yak is severely wounded.
The foxfire hits the yak.
The yak is severely wounded.
The yak barely misses you. The yak gores you but does no damage.
Casting: Foxfire (safe; 1% risk of failure)
Confirm with . or Enter, or press ? or * to list all spells.
You conjure some foxfire!
The yak gores you! The yak gores you.
* * * LOW HITPOINT WARNING * * *
You hit the yak.
You feel better.
The yak is almost dead.
The foxfire hits the yak but does no damage.
The yak is almost dead.
The foxfire hits the yak.
The yak is almost dead.
The yak barely misses you. The yak closely misses you.
You block the yak's attack.
Okay, then.
The yak gores you!
* * * LOW HITPOINT WARNING * * *
Casting: Foxfire (safe; 1% risk of failure)
Confirm with . or Enter, or press ? or * to list all spells.
You conjure some foxfire!
The foxfire hits the yak.
The yak is lightly wounded.
The yak is distracted by your dazzling golden aura.
The yak bellows!
You barely miss the yak.
The yak is no longer distracted by gold.
The yak is almost dead.
The foxfire hits the yak.
The yak is lightly wounded.
The yak gores you!
You die...
Your body crumbles into a pile of gold.

###########
#...}.....#
#.........###
##...........####
#.....$....#.Y@.#
##....Y....##Y.ยง#
#....$.(..######
#..........## $
#...........#..
##PP##.##.##...
#####.###....#
####.## ...#
#.#.>.##...##


You could see 2 yaks.

Vanquished Creatures
  Pikel (D:6)
  A troll (D:8)
  Grinder (D:5)
  Prince Ribbit (D:8)
  7 yaks
  Sigmund (D:3)
  2 wyverns
  4 steam dragons
  2 water moccasins
  3 sky beasts
  2 orc warriors
  2 ogres (D:6)
  3 wolves (D:8)
  A necrophage (D:7)
  A black bear (D:6)
  3 lemures (D:6)
  6 bullfrogs
  2 scorpions (D:6)
  A wyvern zombie (D:7)
  2 water moccasin skeletons
  3 electric eels (D:8)
  A centaur zombie (D:7)
  3 bullfrog zombies
  3 gnoll shamans
  2 jellies (D:7)
  3 orc priests
  A centaur skeleton (D:6)
  7 hounds
  3 iguanas
  5 orc wizards
  A howler monkey zombie (D:8)
  10 gnolls
  A howler monkey skeleton (D:7)
  7 adders
  A shadow imp (D:7)
  5 white imps
  2 ufetubi
  A worm (D:2)
  6 dart slugs
  29 orcs
  4 endoplasms
  A giant cockroach (D:1)
  7 goblins
  7 hobgoblins
  4 quokkas
  7 ball pythons
  7 bats
  4 frilled lizards
  3 hobgoblin zombies (D:7)
  14 kobolds
  2 kobold skeletons (D:7)
  4 kobold zombies (D:7)
  An orc skeleton (D:7)
  An orc zombie (D:7)
  5 rats
211 creatures vanquished.

Vanquished Creatures (collateral kills)
  An ogre (D:5)
  A foxfire (D:6)
2 creatures vanquished.

Vanquished Creatures (others)
  594 foxfires
  A fungus (Lair:1)
595 creatures vanquished.

Grand Total: 808 creatures vanquished

Notes
Turn   | Place    | Note
-------+----------+-------------------------------------------
     0 | D:1      | croobank the Demonspawn Fire Elementalist began the quest
                  | for the Orb.
     0 | D:1      | Reached XP level 1. HP: 13/13 MP: 3/3
   137 | D:1      | Gained mutation: You are surrounded by a mild repulsion
                  | field. (EV +2) [demonic ancestry]
   137 | D:1      | Reached XP level 2. HP: 19/19 MP: 1/5
   154 | D:1      | Reached skill level 2 in Stealth
   358 | D:1      | Found a faded altar of an unknown god.
   771 | D:1      | Gained mutation: A meltable shield of frost defends you.
                  | (SH +4) [demonic ancestry]
   771 | D:1      | Reached XP level 3. HP: 24/25 MP: 3/6
  1267 | D:2      | Reached skill level 1 in Polearms
  1283 | D:2      | Reached skill level 1 in Fighting
  1283 | D:2      | Gained mutation: You have sharp toenails. [demonic
                  | ancestry]
  1283 | D:2      | Reached XP level 4. HP: 32/32 MP: 5/7
  1970 | D:3      | Noticed Sigmund
  1976 | D:3      | Learned a level 3 spell: Dazzling Flash
  1986 | D:3      | Killed Sigmund
  1987 | D:3      | Gained mutation: You have razor-sharp toenails. [demonic
                  | ancestry]
  1987 | D:3      | Reached XP level 5. HP: 27/38 MP: 9/9
  2095 | D:3      | Found a runed translucent gate.
  2095 | D:3      | Found a runed translucent gate.
  2095 | D:3      | Found a runed translucent gate.
  2258 | D:3      | Gained mutation: You may rarely emit foul miasma when
                  | damaged in melee. [demonic ancestry]
  2258 | D:3      | Reached XP level 6. HP: 44/44 MP: 10/10
  2612 | D:3      | Noticed vvl's ghost (amateur DrIE)
  2929 | D:4      | Found a snail-covered altar of Cheibriados.
  3173 | D:4      | Found Hefob's General Store.
  3176 | D:4      | Bought a scroll of magic mapping for 42 gold pieces
  3176 | D:4      | Bought a scroll of identify for 24 gold pieces
  3176 | D:4      | Bought a scroll of identify for 24 gold pieces
  3266 | D:4      | Found a shadowy altar of Dithmenos.
  3306 | D:4      | Found an iron altar of Okawaru.
  3544 | D:5      | Entered Level 5 of the Dungeon
  3545 | D:5      | Noticed an orc warrior
  4725 | D:5      | Reached skill level 1 in Hexes
  5113 | D:5      | Killed an orc warrior
  5114 | D:5      | Reached skill level 3 in Stealth
  5114 | D:5      | Reached XP level 7. HP: 40/50 MP: 11/11
  5397 | D:5      | Found a broken altar of Ashenzari.
  5495 | D:5      | Noticed Grinder
  5516 | D:5      | Paralysed by Grinder for 3 turns
  5527 | D:5      | Killed Grinder
  6029 | D:6      | Found an opulent altar of Gozag.
  6029 | D:6      | Noticed a wyvern
  6044 | D:6      | Killed a wyvern
  6045 | D:6      | Reached XP level 8. HP: 35/56 MP: 13/13
  6473 | D:6      | Found a radiant altar of Vehumet.
  6481 | D:6      | Became a worshipper of Gozag Ym Sagoz the Greedy
  6827 | D:6      | Found a shimmering altar of Xom.
  7085 | D:7      | Reached skill level 4 in Stealth
  7424 | D:6      | Reached skill level 5 in Fire Magic
  7438 | D:6      | Reached XP level 9. HP: 41/61 MP: 15/15
  7605 | D:6      | Learned a level 4 spell: Sticky Flame
  7862 | D:6      | Noticed Pikel
  7912 | D:6      | Killed Pikel
  7913 | D:6      | Reached skill level 5 in Stealth
  8126 | D:6      | Reached skill level 5 in Spellcasting
  8850 | D:7      | Found a staircase to the Ecumenical Temple.
  8930 | D:7      | Reached skill level 6 in Stealth
  9393 | D:7      | Reached skill level 5 in Dodging
  9393 | D:7      | Reached skill level 5 in Conjurations
  9620 | D:7      | Identified the +0 chain mail "Bodgheho" {*Slow rElec MP+9}
  9809 | D:8      | Learned a level 5 spell: Fireball
  9845 | D:8      | Noticed Prince Ribbit
  9854 | D:8      | Killed Prince Ribbit
  9892 | D:8      | Gained mutation: You are surrounded by a moderate repulsion
                  | field. (EV +3) [demonic ancestry]
  9892 | D:8      | Reached XP level 10. HP: 67/67 MP: 18/18
  9949 | D:8      | Reached skill level 5 in Polearms
 10222 | D:8      | Reached skill level 5 in Hexes
 10672 | D:8      | Found a staircase to the Lair.
 10919 | D:8      | Reached skill level 7 in Stealth
 11623 | D:9      | Noticed a fire crab
 11650 | Lair:1   | Entered Level 1 of the Lair of Beasts
 11851 | Lair:1   | HP: 2/67 [yak (9)]
 12235 | Lair:1   | Slain by a yak

Illustrated notes

Levels and vault maps discovered:
D:1:      tarquinn_simple_flora_water_e, layout_rooms,
          ebering_ecumenical_altar_sacrificial
D:2:      layout_basic, minmay_tromino_v4_b
D:3:      layout_rooms, gammafunk_ghost_icy, uniq_sigmund
D:4:      layout_rooms, kennysheep_slug_shrine, grunt_dithmenos_smoke,
          old_standard_altar, serial_shops, nicolae_shop_behind_doors
D:5:      layout_cave_pools, nicolae_overflow_crystal_walls,
          chequers_serial_rivers_small_3, uniq_grinder
D:6:      layout_basic, grunt_temple_overflow_open, general_overflow_altar,
          minmay_alternating_orb, uniq_pikel
D:7:      layout_loops_cross, nicolae_tso_besieged_by_evil,
          minmay_temple_entry_mist
D:8:      layout_basic, erik_lair_island, minmay_statues_item,
          uniq_prince_ribbit1
D:9:      layout_layer_cave, lemuel_round_altar, orc_0_dummy,
          hellmonk_guarded_unrand_frostbite
Lair:1:   layout_roguey, grunt_megastairs_5

Skill      XL: |  1  2  3  4  5  6  7  8  9 10 |
---------------+-------------------------------+-----
Fire Magic     | 3 4 5 6 |  6.4
Stealth        | 2 3 4 6 7 |  7.5
Dodging        | 2 3 4 5 |  5.7
Polearms       | 1 2 3 4 5 |  5.5
Fighting       | 1 2 |  2.1
Spellcasting   | 3 4 5 6 |  6.0
Conjurations   | 2 3 4 5 |  5.9
Hexes          | 1 2 3 4 5 |  5.4
Shields        | |  0.5

Action                   |  1- 3 |  4- 6 |  7- 9 | 10-12 || total
-------------------------+-------+-------+-------+-------++-------
Melee: Unarmed           |     2 |       |       |       ||     2
       Spear             |    45 |    43 |    54 |       ||   142
       Dagger            |     2 |       |       |       ||     2
       Kick              |       |     3 |       |       ||     3
       Trident           |       |    55 |   204 |    95 ||   354
       Short sword       |       |    33 |    12 |    12 ||    57
       Halberd           |       |       |       |    55 ||    55
       War axe           |       |       |       |     4 ||     4
Throw: Dart              |       |       |     4 |       ||     4
 Cast: Foxfire           |    37 |    69 |   194 |    68 ||   368
       Dazzling Flash    |       |     3 |     6 |     6 ||    15
       Sticky Flame      |       |       |     2 |       ||     2
       Fireball          |       |       |     1 |       ||     1
Invok: Potion Petition   |       |       |       |     2 ||     2
Evoke: Wand              |       |       |       |     1 ||     1
  Use: Scroll            |       |    10 |     8 |     4 ||    22
       Potion            |       |     3 |     6 |     1 ||    10
 Stab: Sleeping          |     2 |     2 |       |     1 ||     5
       Invisible         |       |       |     2 |     2 ||     4
       Distracted        |       |       |       |     1 ||     1
Armor: Robe              |     5 |    27 |    44 |    35 ||   111
       Skin              |       |     7 |       |       ||     7
       Scale mail        |       |     3 |       |       ||     3
       Ring mail         |       |       |    96 |       ||    96
       Chain mail        |       |       |       |     1 ||     1
Dodge: Dodged            |    40 |   132 |   235 |   152 ||   559
Block: Other             |     8 |    32 |    53 |    28 ||   121
